 Dungeon Crawl Stone Soup version 0.26.0-45-g9c1d065592 (webtiles) character file.

Game seed: 18203941725060701757

152 trckry the Bolt Thrower (level 5, -13/31 HPs)
             Began as a Tengu Hunter on Jan 29, 2021.
             Killed from afar by Ijyb (16 damage)
             ... with an iceblast
             ... on level 3 of the Dungeon.
             The game lasted 00:06:20 (2682 turns).

trckry the Bolt Thrower (Tengu Hunter)              Turns: 2682, Time: 00:06:21

Health: -13/31     AC:  4    Str: 14    XL:     5   Next: 34%
Magic:  6/6        EV: 15    Int: 11    God:
Gold:   136        SH:  0    Dex: 14    Spells: 4/4 levels left

rFire    . . .     SeeInvis .   a - +1 hand crossbow
rCold    . . .     Faith    .   (no shield)
rNeg     . . .     Spirit   .   c - +0 leather armour
rPois    .         Reflect  .   (helmet restricted)
rElec    .         Harm     .   (no cloak)
rCorr    .         Rampage  .   g - +0 pair of gloves
Will     .....                  (boots unavailable)
Stlth    +.........             (no amulet)
HPRegen  0.10/turn              (no ring)
MPRegen  0.10/turn              (no ring)

@: flying quickly and evasively, quick
A: beak, talons 3, able to fly
a: Stop Flying


You were on level 3 of the Dungeon.
You visited 1 branch of the dungeon, and saw 3 of its levels.

You collected 136 gold pieces.

Inventory:

Hand Weapons
 a - a +1 hand crossbow (weapon)
 b - a +1 short sword of venom
Missiles
 d - 31 bolts (quivered ammo)
 i - 14 poisoned darts
Armour
 c - a +0 leather armour (worn)
 g - a +0 pair of gloves (worn)
Scrolls
 e - 4 scrolls of teleportation {unknown}
 f - 6 scrolls of identify {unknown}
 h - 2 scrolls of blinking {unknown}
 j - 2 scrolls of fog {unknown}
 n - a scroll of magic mapping {unknown}
 o - a scroll of fear {unknown}
Potions
 k - a potion of might {unknown}
 l - 3 potions of curing {unknown}
 m - a potion of brilliance {unknown}
 p - a potion of lignification {unknown}
 q - a potion of resistance {unknown}


   Skills:
 + Level 2.5 Fighting
 * Level 2.2 Staves
 * Level 5.0 Crossbows
 + Level 1.5 Armour
 + Level 2.9 Dodging
 - Level 1.0 Stealth
 + Level 1.2 Invocations
 + Level 1.1 Evocations


You had 4 spell levels left.
You didn't know any spells.
Your spell library was empty.

Dungeon Overview and Level Annotations

Branches:
Dungeon (3/15)

Altars:
Fedhas
Qazlal
Ru
Trog
Uskayaw
Xom
Yredelemnul
Zin

Annotations:
D:3 1 transporter, Ijyb; sahdkjhfkaj's ghost, amateur GnAr


Innate Abilities, Weirdness & Mutations

You have a beak for a mouth.
You have claws for feet.
You can fly continuously.


Message History

Ijyb screams, "You nasty!
Big nasty!"
You are too injured to fight recklessly!
Fire: 34 bolts
Press: ? - help, Q - select action, (/) - cycle Shift-Dir - straight line, f/p - Ijyb
Aim: Ijyb, wielding a +0 dagger, wearing a +0 ring mail and carrying a wand of iceblast (5) (heavily wounded, 63% to hit)
You shoot a bolt. The bolt closely misses Ijyb.
Fire: 33 bolts
Press: ? - help, Q - select action, (/) - cycle Shift-Dir - straight line, f/p - Ijyb
Aim: Ijyb, wielding a +0 dagger, wearing a +0 ring mail and carrying a wand of iceblast (5) (heavily wounded, 63% to hit)
You shoot a bolt. The bolt hits Ijyb.
Ijyb is heavily wounded.
Fire: 32 bolts
Press: ? - help, Q - select action, (/) - cycle Shift-Dir - straight line, f/p - Ijyb
Aim: Ijyb, wielding a +0 dagger, wearing a +0 ring mail and carrying a wand of iceblast (5) (heavily wounded, 63% to hit)
You shoot a bolt. The bolt closely misses Ijyb.
Ijyb zaps a wand.
The mass of ice explodes!
The iceblast engulfs you!
* * * LOW HITPOINT WARNING * * *
Ijyb zaps a wand.
The mass of ice explodes!
The iceblast engulfs you!
Ouch! That really hurt!
You die...

#.#..≈≈.## ##..#
#.##
#.###≈≈..###.#.#
#...
...g#≈≈.#..g##.#
####
###.##≈≈.#...##.#
##8#..#≈≈........#
...####≈≈.....####
≈≈≈≈≈≈≈≈≈..#.##
≈≈≈≈≈≈≈≈≈....#
........@.####
...###.######
#..........(.#
#...###.####.#
########.# #(#
......#.## #.#
#####
##.......###.#
#....
#.........##.#
#.###
#............# #.#


You could see Ijyb.

Vanquished Creatures
  An orc priest (D:3)
  Robin (D:3)
  A gnoll (D:1)
  2 adders (D:3)
  2 dart slugs
  A leopard gecko (D:1)
  3 orcs (D:3)
  2 giant cockroaches
  10 goblins
  15 hobgoblins
  3 quokkas (D:2)
  7 bats
  3 frilled lizards (D:1)
  11 kobolds
  12 rats
74 creatures vanquished.

Vanquished Creatures (others)
  6 plants (D:3)
6 creatures vanquished.

Grand Total: 80 creatures vanquished

Notes
Turn   | Place    | Note
-------+----------+-------------------------------------------
     0 | D:1      | trckry the Tengu Hunter began the quest for the Orb.
     0 | D:1      | Reached XP level 1. HP: 12/12 MP: 2/2
    52 | D:1      | Reached XP level 2. HP: 17/17 MP: 3/3
   150 | D:1      | Reached skill level 1 in Staves
   288 | D:1      | Reached XP level 3. HP: 21/21 MP: 4/4
   531 | D:1      | Reached skill level 1 in Armour
  1103 | D:2      | Found a stormy altar of Qazlal.
  1135 | D:2      | Found a faded altar of an unknown god.
  1175 | D:2      | Reached XP level 4. HP: 22/27 MP: 5/5
  1238 | D:2      | Found a basalt altar of Yredelemnul.
  1242 | D:2      | Found a glowing silver altar of Zin.
  1243 | D:2      | Found a blossoming altar of Fedhas.
  1243 | D:2      | Found a hide-covered altar of Uskayaw.
  1550 | D:2      | Found a bloodstained altar of Trog.
  1769 | D:3      | Noticed Robin
  1772 | D:3      | Killed Robin
  1786 | D:3      | Reached skill level 1 in Invocations
  1916 | D:3      | Found a sacrificial altar of Ru.
  2157 | D:3      | Identified the cursed +0 halberd "Biptuydoi" {chaos, *Noise
                  | rN+ Will+ Dex+4}
  2179 | D:3      | Found a transporter.
  2225 | D:3      | Reached skill level 1 in Evocations
  2225 | D:3      | Gained mutation: You can fly continuously. [Tengu growth]
  2225 | D:3      | Reached XP level 5. HP: 31/31 MP: 6/6
  2233 | D:3      | Reached skill level 5 in Crossbows
  2458 | D:3      | Found a shimmering altar of Xom.
  2613 | D:3      | Noticed Ijyb
  2614 | D:3      | Noticed sahdkjhfkaj's ghost (amateur GnAr)
  2668 | D:3      | HP: 2/31 [Ijyb/iceblast (13)]
  2682 | D:3      | Killed from afar by Ijyb

Illustrated notes

Levels and vault maps discovered:
D:1:      lightli_arrival_windingriver, layout_basic
D:2:      layout_loops_corners, nicolae_overflow_crystal_walls,
          general_overflow_altar, grunt_temple_overflow_open,
          chequers_ecumenical_altar_simple
D:3:      layout_loops_ring, marbit_many_paths, lemuel_round_altar,
          gammafunk_ghost_gnarly_gnolls, uniq_ijyb, uniq_robin

Skill      XL: |  1  2  3  4  5 |
---------------+----------------+-----
Staves         | 1 2 |  2.2
Armour         | 1 |  1.5
Invocations    | 1 |  1.2
Evocations     | 1 |  1.1
Crossbows      | 5 |  5.0
Fighting       | |  2.5
Dodging        | |  2.9
Stealth        | |  1.0

Action                   |  1- 3 |  4- 6 || total
-------------------------+-------+-------++-------
 Fire: Hand crossbow     |    80 |    87 ||   167
 Abil: Fly               |       |     1 ||     1
Armor: Leather armour    |     7 |     5 ||    12
Dodge: Dodged            |    12 |    18 ||    30
